Map: Newkirk Precinct TE (Void)

Players

Stats - Winner!

  • Race: Protoss Protoss
  • Spawn Location: 5:00

TYTY (TY)

  • Race: Terran Terran
  • Spawn Location: 7:00

Event: IEM XI Katowice - World Championship 2017

VOD

https://www.youtube.com/watch?v=EVCZ5k55UsM

Description

Time

  • Played on: March 5, 2017, 9:08 a.m.
  • Length: 13:52

All games in this series

Show
View Real Time Build Order
Export as new Build Order

Stats Protoss - Winner!

Build Orders: 1 Gate Expand, Colossus Rush 

Get SALT Encoding   

  12  0:00  Probe (Chrono Boost)  
  13  0:11  Probe (Chrono Boost)  
  14  0:17  Pylon  
  14  0:22  Probe (Chrono Boost)  
  15  0:36  Gateway, Probe (Chrono Boost)  
  15  0:41  Assimilator  
  16  0:46  Probe (Chrono Boost)  
  18  0:57  Probe (Chrono Boost)  
  18  1:07  Probe (Chrono Boost)  
  19  1:19  Nexus  
  19  1:23  Probe (Chrono Boost)  
  20  1:32  Cybernetics Core  
  20  1:35  Probe (Chrono Boost)  
  21  1:41  Assimilator  
  21  1:46  Probe (Chrono Boost)  
  22  1:51  Pylon  
  22  1:56  Probe (Chrono Boost)  
  23  2:10  Warp Gate, Mothership Core (Chrono Boost)  
  23  2:14  Adept  
  27  2:28  Probe (Chrono Boost)  
  28  2:32  Probe (Chrono Boost)  
  29  2:38  Probe (Chrono Boost)  
  29  2:40  Robotics Facility  
  29  2:42  Probe (Chrono Boost)  
  31  2:49  Probe (Chrono Boost)  
  32  2:53  Probe (Chrono Boost)  
  32  2:58  Adept  
  35  2:59  Probe (Chrono Boost)  
  35  3:03  Probe (Chrono Boost)  
  35  3:04  Gateway  
  37  3:10  Probe (Chrono Boost)  
  38  3:14  Gateway, Probe (Chrono Boost)  
  39  3:21  Probe (Chrono Boost)  
  39  3:24  Observer  
  39  3:25  Probe (Chrono Boost)  
  42  3:29  Pylon  
  42  3:32  Pylon  
  43  3:34  Probe (Chrono Boost)  
  43  3:35  Probe (Chrono Boost)  
  43  3:40  Pylon  
  44  3:46  Probe x2 (Chrono Boost)  
  44  3:47  Observer  
  46  3:48  Assimilator  
  46  3:52  Assimilator  
  47  3:58  Probe (Chrono Boost)  
  47  3:59  Probe (Chrono Boost)  
  47  4:00  Robotics Bay  
  49  4:09  Probe (Chrono Boost)  
  50  4:12  Probe (Chrono Boost)  
  50  4:14  Stalker x2  
  50  4:15  Stalker  
  57  4:19  Probe (Chrono Boost)  
  57  4:21  Observer  
  57  4:24  Probe (Chrono Boost)  
  60  4:32  Pylon  
  60  4:33  Probe (Chrono Boost)  
  60  4:36  Probe (Chrono Boost)  
  62  4:47  Stalker x3  
  62  4:51  Colossus  
  64  4:55  Probe (Chrono Boost)  
  64  4:56  Probe (Chrono Boost)  
  64  4:57  Extended Thermal Lance  
  70  5:07  Probe (Chrono Boost)  
  70  5:08  Probe (Chrono Boost)  
  70  5:19  Nexus  
  70  5:22  Pylon  
  70  5:27  Probe (Chrono Boost)  
  70  5:28  Probe (Chrono Boost)  
  72  5:37  Colossus  
  72  5:42  Pylon  
  72  5:47  Gateway x2  
  78  5:53  Twilight Council, Probe x2 (Chrono Boost)  
  80  5:57  Sentry x2  
  80  5:58  Zealot  
  80  6:04  Pylon  
  88  6:12  Probe x2 (Chrono Boost)  
  88  6:16  Pylon  
  88  6:23  Pylon  
  88  6:24  Zealot, Sentry  
  88  6:25  Zealot, Pylon  
  94  6:28  Colossus, Probe x2 (Chrono Boost)  
  94  6:30  Resonating Glaives  
  96  6:33  Probe (Chrono Boost)  
  103  6:49  Adept x4  
  103  6:52  Adept  
  113  7:04  Pylon  
  113  7:07  Pylon  
  112  7:11  Adept x2  
  112  7:12  Pylon, Stalker x2  
  112  7:15  Stalker  
  120  7:31  Warp Prism  
  116  7:39  Stalker x5  
  116  7:43  Pylon  
  126  7:54  Forge  
  126  7:57  Blink  
  126  7:58  Forge  
  126  8:02  Pylon  
  126  8:04  Assimilator  
  126  8:05  Adept x3  
  126  8:06  Adept x2, Observer  
  126  8:09  Assimilator  
  132  8:31  Colossus  
  132  8:34  Adept x5  
  107  8:53  Probe x2 (Chrono Boost)  
  107  8:55  Adept x2  
  107  8:56  Adept x3, Protoss Ground Weapons Level 1  
  107  8:57  Protoss Ground Armor Level 1  
  117  9:06  Nexus  
  117  9:09  Pylon  
  112  9:25  Disruptor, Probe x3 (Chrono Boost)  
  115  9:35  Adept, Stalker x2  
  121  9:39  Adept  
  121  9:42  Dark Shrine  
  121  9:45  Adept  
  125  9:57  Disruptor  
  124  10:14  Pylon  
  124  10:19  Adept x4  
  124  10:20  Adept  
  124  10:21  Probe (Chrono Boost)  
  138  10:22  Probe x3 (Chrono Boost)  
  138  10:31  Probe (Chrono Boost)  
  138  10:33  Disruptor  
  138  10:34  Probe x3 (Chrono Boost)  
  139  10:38  Protoss Ground Armor Level 2, Protoss Ground Weapons Level 2  
  142  10:43  Adept x5  
  146  11:00  Gateway  
  146  11:01  Gateway  
  146  11:09  Adept x2  
  146  11:10  Adept x3  
  156  11:14  Disruptor  
  141  11:31  Adept x2  
  141  11:32  Adept x3  
  149  11:45  Disruptor  
  143  11:53  Assimilator, Adept, Stalker x3  
  143  11:54  Adept  
  152  11:57  Assimilator  
  152  11:58  Robotics Facility  
  152  12:02  Probe (Chrono Boost)  
  152  12:04  Probe x3 (Chrono Boost)  
  152  12:07  Assimilator  
  156  12:16  Disruptor  
  158  12:27  Adept x3  
  158  12:28  Adept x4  
  159  12:48  Stalker x7  
  119  13:15  Stalker x7  
  132  13:35  Probe (Chrono Boost)  
  132  13:36  Probe x3 (Chrono Boost)  
  132  13:39  Sentry x3  
Show
View Real Time Build Order
Export as new Build Order

TYTY Terran 

Build Orders: Reaper Expand, MMM Bio 

Get SALT Encoding   

  12  0:00  SCV  
  13  0:12  SCV  
  14  0:17  Supply Depot  
  14  0:24  SCV  
  15  0:29  Refinery  
  15  0:39  SCV  
  16  0:45  Barracks  
  16  0:51  SCV  
  17  1:03  SCV  
  18  1:15  SCV  
  19  1:32  Reaper, Orbital Command  
  20  1:44  Command Center  
  20  1:55  Factory  
  20  1:59  SCV  
  21  2:06  Barracks Reactor  
  21  2:09  Supply Depot  
  21  2:13  SCV  
  22  2:17  Refinery  
  22  2:25  SCV  
  24  2:37  SCV  
  24  2:43  Starport  
  24  2:45  Marine x2  
  24  2:49  SCV  
  24  2:50  Widow Mine  
  29  2:56  Orbital Command  
  29  3:01  SCV  
  29  3:04  Marine  
  31  3:05  Marine  
  32  3:13  SCV  
  33  3:20  Cyclone  
  33  3:21  Supply Depot  
  33  3:22  SCV  
  33  3:24  Marine  
  33  3:25  Marine  
  39  3:28  SCV  
  40  3:35  SCV  
  43  3:43  Marine x2  
  43  3:44  SCV  
  43  3:47  Medivac  
  46  3:49  SCV  
  46  3:54  Widow Mine  
  48  3:56  SCV  
  48  4:01  Supply Depot, SCV  
  48  4:02  Marine x2  
  52  4:08  Barracks  
  53  4:10  SCV  
  53  4:11  Barracks  
  53  4:13  SCV  
  54  4:18  Starport Tech Lab  
  54  4:22  Marine x2, SCV  
  57  4:25  SCV  
  57  4:26  Factory Tech Lab  
  57  4:27  Supply Depot  
  58  4:34  SCV  
  58  4:37  SCV  
  60  4:40  Marine x2  
  62  4:48  SCV  
  62  4:49  SCV  
  61  4:58  Marine x2  
  55  5:01  Stimpack, SCV x2  
  55  5:02  Marauder  
  55  5:03  Starport Reactor, Factory Reactor  
  59  5:07  Command Center  
  59  5:08  Bunker  
  59  5:10  Marauder  
  59  5:13  Refinery  
  61  5:14  SCV  
  61  5:17  Marine  
  61  5:18  Marine, Supply Depot  
  64  5:23  Supply Depot  
  64  5:25  SCV  
  64  5:26  SCV  
  64  5:27  Liberator  
  66  5:30  Marauder  
  66  5:34  Supply Depot  
  68  5:37  Marine x2, Engineering Bay  
  70  5:43  Medivac  
  70  5:44  SCV  
  70  5:46  SCV  
  70  5:48  Widow Mine  
  70  5:49  Widow Mine  
  81  5:57  Marine x2  
  81  5:58  Marauder  
  81  6:01  Marauder  
  88  6:04  Terran Infantry Weapons Level 1  
  86  6:12  Refinery  
  86  6:14  Missile Turret, Barracks  
  86  6:15  Marine  
  86  6:17  SCV x2  
  89  6:18  Barracks  
  89  6:23  Medivac  
  91  6:26  Marine x2, Medivac  
  91  6:28  Marine  
  96  6:33  SCV x2  
  96  6:37  Orbital Command  
  96  6:39  Marine, Supply Depot  
  99  6:45  SCV  
  99  6:47  Factory Reactor  
  101  6:48  Starport  
  101  6:49  SCV  
  101  6:56  Viking x2  
  101  6:57  Combat Shields, SCV  
  101  7:01  SCV  
  105  7:02  SCV  
  106  7:09  SCV  
  106  7:10  Marine x2  
  106  7:12  Barracks Tech Lab  
  106  7:13  SCV  
  106  7:14  Supply Depot  
  106  7:15  SCV  
  111  7:16  Supply Depot  
  111  7:21  SCV  
  112  7:28  Marine, Marauder  
  112  7:29  Marine  
  116  7:34  Viking  
  116  7:36  Viking x3  
  114  7:40  Supply Depot, Marine x2  
  114  7:41  Marauder x2  
  120  7:49  Missile Turret  
  120  7:50  Missile Turret  
  120  7:58  Marine x2, Marauder  
  121  7:59  Terran Infantry Armor Level 1, Supply Depot  
  121  8:00  SCV  
  121  8:02  Marauder  
  121  8:03  Marine x2  
  121  8:04  SCV  
  121  8:05  SCV  
  129  8:08  Marauder  
  129  8:11  Viking  
  129  8:16  Concussive Shells, Viking  
  129  8:18  Viking  
  129  8:19  Missile Turret  
  124  8:30  Marauder x2  
  124  8:32  SCV  
  122  8:34  SCV  
  122  8:35  SCV  
  111  8:44  SCV  
  111  8:45  Marine x4  
  111  8:46  Marauder  
  111  8:47  SCV  
  113  8:48  SCV  
  113  8:50  Medivac x2  
  113  8:51  Marine  
  113  8:52  Marauder  
  113  8:54  Medivac  
  119  8:56  SCV  
  114  9:08  SCV x3  
  115  9:16  Marine, Marauder x2  
  116  9:20  Liberator, SCV x2  
  80  9:24  Liberator  
  117  9:27  Marine x4  
  122  9:37  Refinery  
  122  9:38  Marine x3  
  127  9:42  SCV  
  127  9:44  Marine  
  132  9:47  Supply Depot  
  132  9:50  SCV  
  132  9:51  SCV  
  134  9:53  Viking  
  134  9:54  Marine x3  
  134  9:56  SCV  
  139  10:03  SCV  
  139  10:04  Marine x2  
  146  10:08  SCV  
  146  10:13  Marine x3  
  149  10:15  Armory, Engineering Bay  
  149  10:21  SCV  
  152  10:27  Viking x3  
  153  10:29  Marine, Marauder  
  137  10:36  SCV x2  
  137  10:42  Liberator, Marine x2  
  137  10:43  Marauder x2, SCV  
  137  10:46  Liberator  
  144  10:57  Marine x2, Marauder  
  144  11:01  Liberator  
  154  11:04  Marauder  
  154  11:09  SCV  
  156  11:12  Terran Infantry Weapons Level 2  
  143  11:30  Marine x4, Marauder x2  
  138  11:50  Marine x3  
  140  12:02  Marine  
  140  12:03  Marauder  
  143  12:14  Command Center  
  143  12:19  Marauder x2  
  147  12:25  Marine  
  147  12:26  Marauder  
  145  12:31  Liberator  
  142  12:40  Marauder  
  142  12:42  Marine x3  
  142  12:43  Marine, Marauder  
  142  12:47  Marauder  
  128  13:01  Marine, Marauder  
  128  13:03  SCV  
  128  13:04  Marauder  
  122  13:09  SCV  
  77  13:32  Marine  

Tags
 
Add a new tag
Caveats
  • Supply blocks, unpowered buildings, or Contaminate may cause inaccurate times.
  • Supply counts are checked every 10 seconds.